 Dungeon Crawl Stone Soup version 0.22-a0-570-g58866f5 (webtiles) character file.

198 Hebeh the Chopper (level 5, -5/47 HPs)
             Began as a Minotaur Fighter on June 30, 2018.
             Killed by nerve-wracking pain
             ... invoked by Grinder
              (10 damage)
             ... on level 3 of the Dungeon.
             The game lasted 00:07:02 (1466 turns).

Hebeh the Chopper (Minotaur Fighter)                Turns: 1466, Time: 00:07:03

Health: -5/47      AC: 16    Str: 21    XL:     5   Next: 47%
Magic:  4/4        EV:  7    Int:  5    God:
Gold:   53         SH:  9    Dex: 10    Spells: 4/4 levels left

rFire    . . .     SeeInvis .   r - -2 hand axe (curse)
rCold    . . .     Gourm    .   c - +0 shield
rNeg     . . .     Faith    .   n - +0 plate armour
rPois    .         Spirit   .   (helmet restricted)
rElec    .         Reflect  .   (no cloak)
rCorr    .         Harm     .   (no gloves)
MR       .....                  q - +0 pair of boots
Stlth    ..........             (no amulet)
HPRegen  0.15/turn              g - +3 ring of evasion
MPRegen  0.09/turn              p - +3 ring of protection

@: drained
A: retaliatory headbutt, horns 2
a: no special abilities


You were on level 3 of the Dungeon.
You were not hungry.

You visited 1 branch of the dungeon, and saw 3 of its levels.

You collected 53 gold pieces.

Inventory:

Hand Weapons
 a - a +0 war axe
 r - a cursed -2 hand axe (weapon)
Armour
 c - a +0 shield (worn)
 n - a +0 plate armour (worn)
 q - a +0 pair of boots (worn)
Jewellery
 g - a +3 ring of evasion (left hand)
 p - a +3 ring of protection (right hand)
Scrolls
 e - 3 scrolls of identify
Potions
 b - a potion of lignification {unknown}
 d - a potion of might
 i - 2 potions of brilliance
 l - 3 potions of curing
 m - a potion of heal wounds {unknown}
 o - a potion of flight {unknown}
Comestibles
 f - 6 rations


   Skills:
 + Level 4.6(4.4) Fighting
 * Level 4.8(4.6) Axes
 + Level 4.6(4.4) Armour
 + Level 4.6(4.4) Shields


You had 4 spell levels left.
You didn't know any spells.
Your spell library was empty.

Dungeon Overview and Level Annotations

Branches:
Dungeon (3/15)

Altars:

Annotations:
D:3 Grinder


Innate Abilities, Weirdness & Mutations

You reflexively headbutt those who attack you in melee.
You have a pair of horns on your head.


Message History

You suddenly lose the ability to move!
Grinder gestures at you.
You barely resist.
Grinder says, "Mostly I couldn't keep them alive."
You can move again.
Grinder gestures at you. Pain shoots through your body!
* * * LOW HITPOINT WARNING * * *
Grinder gestures at you.
You shrug off the repeated paralysis!
You closely miss Grinder.
Grinder is moderately wounded.
Grinder gestures at you. Pain shoots through your body!
* * * LOW HITPOINT WARNING * * *
You miss Grinder. Your headbutt misses Grinder.
Grinder is moderately wounded.
Grinder gestures at you. Pain shoots through your body!
You die...

..... ... ##
#.... ... .. .
#.. . #.#.# #+#
#.#. #.# #.. #.#
#.# ##.##
#.#####.#
##...##
#..@5...#
#.....#
#.#######
###...### #.#
........######.#
####.##........#
#.###########
#.# #.# #.#


You could see Grinder.

Vanquished Creatures
  A scorpion (D:2)
  2 orc wizards (D:2)
  A worker ant (D:2)
  2 adders (D:2)
  An ooze (D:1)
  3 worms (D:2)
  A dart slug (D:2)
  A leopard gecko (D:1)
  4 orcs
  2 giant cockroaches
  A goblin (D:2)
  4 hobgoblins
  A kobold (D:2)
  5 bats
  3 frilled lizards
  5 rats
37 creatures vanquished.

Notes
Turn   | Place    | Note
-------+----------+-------------------------------------------
     0 | D:1      | Hebeh the Minotaur Fighter began the quest for the Orb.
     0 | D:1      | Reached XP level 1. HP: 19/19 MP: 0/0
   208 | D:1      | Reached XP level 2. HP: 26/27 MP: 1/1
   656 | D:2      | Noticed a scorpion
   661 | D:2      | Killed a scorpion
   661 | D:2      | Reached XP level 3. HP: 25/33 MP: 2/2
   663 | D:2      | Reached XP level 4. HP: 30/40 MP: 3/3
   910 | D:2      | Reached XP level 5. HP: 36/47 MP: 4/4
  1438 | D:3      | Noticed Grinder
  1440 | D:3      | Paralysed by Grinder for 7 turns
  1460 | D:3      | Paralysed by Grinder for 3 turns
  1466 | D:3      | Killed from afar by Grinder

Vault maps used:
D:1:      dpeg_arrival_three_smaller_balls
D:2:      first_ration, hangedman_abyss_or_decor_stabs,
          minmay_misc_feat_hallway, minivault_27
D:3:      eat_drink_and_be_merry_uskayaw, gammafunk_temple_overflow_statue,
          uniq_ijyb, uniq_grinder, uniq_sigmund

Skill      XL: |  1  2  3  4 |
---------------+-------------+-----
Axes           | 3 4 |  4.8
Fighting       | 4 |  4.6
Armour         | 4 |  4.6
Shields        | 4 |  4.6

Action                   |  1- 3 |  4- 6 || total
-------------------------+-------+-------++-------
Melee: War axe           |    40 |    32 ||    72
       Headbutt          |     3 |    14 ||    17
       Hand axe          |       |    38 ||    38
  Use: Scroll            |       |     6 ||     6
  Eat: Chunk             |       |     2 ||     2
Armor: Scale mail        |    10 |       ||    10
       Plate armour      |       |    33 ||    33
Dodge: Dodged            |    11 |    17 ||    28
Block: Shield            |    23 |    30 ||    53

Table legend:
 A = Spawn XP
 B = Non-spawn XP
 C = Spawn XP percentage of total XP
 D = Spawn monster count
 E = Non-spawn monster count
 F = Spawn count percentage of total count
 G = Total turns spent on level
                    A         B        C        D         E        F      G
               +---------+---------+-------+---------+---------+-------+---------
         Total |       0 |     284 |   0.0 |       0 |      37 |   0.0 |  1466
               +---------+---------+-------+---------+---------+-------+---------
           D:1 |       0 |      21 |   0.0 |       0 |      10 |   0.0 |   636
           D:2 |       0 |     255 |   0.0 |       0 |      23 |   0.0 |   722
           D:3 |       0 |       8 |   0.0 |       0 |       4 |   0.0 |   108
               +---------+---------+-------+---------+---------+-------+---------
